 Dungeon Crawl Stone Soup version 0.27-a0-1139-g28e009f8a6 (webtiles) character file.

Game seed: 8126956783809251566

78 HoaS the Bolt Thrower (level 4, 0/26 HPs)
             Began as a Kobold Hunter on May 7, 2021.
             Slain by a worm (3 damage)
             ... on level 2 of the Dungeon.
             The game lasted 00:03:39 (2184 turns).

HoaS the Bolt Thrower (Kobold Hunter)               Turns: 2184, Time: 00:03:39

Health: 0/26       AC:  4    Str: 10    XL:     4   Next: 61%
Magic:  4/4        EV: 14    Int: 12    God:
Gold:   144        SH:  0    Dex: 15    Spells: 3/3 levels left

rFire    . . .     SeeInvis .   w - +0 short sword
rCold    . . .     Faith    .   (shield restricted)
rNeg     . . .     Spirit   .   c - +1 leather armour
rPois    .         Reflect  .   (no helmet)
rElec    .         Harm     .   (no cloak)
rCorr    .         Rampage  .   (no gloves)
Will     .....                  (no boots)
Stlth    +++.......             (no amulet)
HPRegen  0.08/turn              (no ring)
MPRegen  0.09/turn              (no ring)

@: no status effects
A: small, no large weapons, nightstalker 3
a: no special abilities


You were on level 2 of the Dungeon.
You visited 1 branch of the dungeon, and saw 2 of its levels.

You collected 144 gold pieces.

Inventory:

Hand Weapons
 q - a +1 hand crossbow
 w - a +0 short sword (weapon)
Missiles
 d - 92 bolts
Armour
 c - a +1 leather armour (worn)
Scrolls
 a - 3 scrolls of teleportation {unknown}
 g - a scroll of identify {unknown}
Potions
 b - a potion of cancellation {unknown}
 e - a potion of might {unknown}
 f - a potion of invisibility {unknown}


   Skills:
 - Level 2.1 Fighting
 + Level 2.6 Short Blades
 * Level 6.3 Crossbows
 - Level 2.4 Dodging
 - Level 1.3 Stealth


You had 3 spell levels left.
You didn't know any spells.
Your spell library contained the following spells:

 Spells                   Type           Power      Damage    Failure   Level
 Animate Skeleton         Necr           0%         N/A       41%         1
 Apportation              Tloc           0%         N/A       41%         1
 Beastly Appendage        Tmut           0%         N/A       41%         1
 Corona                   Hex            0%         N/A       41%         1
 Summon Small Mammal      Summ           0%         N/A       41%         1
 Wereblood                Tmut           0%         N/A       56%         2
 Spider Form              Tmut/Pois      0%         N/A       80%         3
 Ice Form                 Ice/Tmut       0%         N/A       99%         4
 Hydra Form               Tmut           0%         N/A       100%        5


Dungeon Overview and Level Annotations

Branches:
Dungeon (2/15)

Altars:
Kikubaaqudgha


Innate Abilities, Weirdness & Mutations

You are small and have problems with some larger weapons.
You are completely attuned to the shadows.


Message History

The endoplasm is almost dead.
The endoplasm hits you.
You hit the endoplasm but do no damage.
The endoplasm is almost dead.
The endoplasm freezes you.
You are frozen.
You barely miss the endoplasm.
The endoplasm is almost dead.
The endoplasm barely misses you.
You hit the endoplasm.
You kill the endoplasm!
No target in view!
As you open the door, it creaks loudly!
A worm comes into view.
A worm is nearby!
A worm is nearby!
A worm is nearby!
A worm is nearby!
There is an open door here.
You hit the worm.
The worm is lightly wounded.
The worm bites you but does no damage.
You hit the worm.
The worm is moderately wounded.
You hit the worm.
The worm is moderately wounded.
The worm bites you!
You are too injured to fight recklessly!
You are too injured to fight recklessly!
You are too injured to fight recklessly!
You barely miss the worm.
The worm is moderately wounded.
You hit the worm but do no damage.
The worm is moderately wounded.
The worm bites you!
* * * LOW HITPOINT WARNING * * *
You hit the worm.
The worm is heavily wounded.
The worm bites you.
You die...

## .# .# .######
###########
......#####..........
#####....##.####@####
# ######....#§§§w≈§≈#
##.. ##..##≈§§...≈#
.... .......#≈.###§≈#
.... ####...+.. ..+
.8.. #.### .... #.#
.... .(#.


You could see a worm.

Vanquished Creatures
  An adder skeleton (D:2)
  2 adder zombies (D:2)
  A dart slug (D:1)
  6 ball pythons
  3 bat zombies (D:2)
  7 endoplasms
  5 giant cockroaches
  7 goblins
  4 hobgoblins
  6 jackals
  A ball python skeleton (D:2)
  2 bats
  4 frilled lizards
  2 kobolds
  A quokka skeleton (D:2)
  A quokka zombie (D:2)
  7 rats
60 creatures vanquished.

Notes
Turn   | Place    | Note
-------+----------+-------------------------------------------
     0 | D:1      | HoaS the Kobold Hunter began the quest for the Orb.
     0 | D:1      | Reached XP level 1. HP: 12/12 MP: 1/1
   232 | D:1      | Reached skill level 5 in Crossbows
   237 | D:1      | Reached XP level 2. HP: 13/17 MP: 2/2
   257 | D:1      | Found a faded altar of an unknown god.
   262 | D:1      | Reached skill level 1 in Short Blades
   619 | D:1      | Reached XP level 3. HP: 21/21 MP: 3/3
  1356 | D:2      | Found an ancient bone altar of Kikubaaqudgha.
  1370 | D:2      | Reached skill level 6 in Crossbows
  1375 | D:2      | Reached XP level 4. HP: 26/26 MP: 4/4
  2184 | D:2      | Slain by a worm

Illustrated notes

Levels and vault maps discovered:
D:1:      roderic_crossed_star, layout_rooms, basic_ecumenical_altar,
          chequers_serial_rivers_micro_c, minmay_misc_feat_five,
          minmay_misc_feat_alley
D:2:      layout_rooms, basic_altar, serial_undead, serial_undead_a,
          serial_undead_a, serial_undead_f, serial_undead_d,
          kennysheep_generic_room_11

Skill      XL: |  1  2  3 |
---------------+----------+-----
Crossbows      | 5 6 |  6.3
Short Blades   | 1 2 |  2.6
Fighting       | |  2.1
Dodging        | |  2.4
Stealth        | |  1.3

Action                   |  1- 3 |  4- 6 || total
-------------------------+-------+-------++-------
Melee: Short sword       |   123 |   114 ||   237
  Use: Scroll            |     3 |       ||     3
 Stab: Sleeping          |     9 |     3 ||    12
Armor: Leather armour    |    38 |    36 ||    74
Dodge: Dodged            |    90 |   109 ||   199

Table legend: (Time is in decaauts)
 A = Elapsed time spent in this place.
 B = Non-inter-level travel time spent in this place.
 C = Inter-level travel time spent in this place.
 D = Time resting spent in this place.
 E = Time spent auto-exploring this place.
 F = Levels seen in this place.
 G = Mean time per level.
                   A        B        C        D        E       F      G
               +--------+--------+--------+--------+--------+-----+--------+
         Total |   2186 |   2171 |     15 |   1034 |    690 |   2 | 1093.0 |
       Dungeon |   2186 |   2171 |     15 |   1034 |    690 |   2 | 1093.0 |
               +--------+--------+--------+--------+--------+-----+--------+

Top non-repeatable levels by time:
     D:1: 1172 daAuts
     D:2: 1014 daAuts
